 Dungeon Crawl Stone Soup version 0.30.1-10-g1249ef9ec4 (webtiles) character file.

Game seed: 1050329537410037407

35 lonewolfV2 the Covered (level 3, 0/29 HPs)
             Began as a Demonspawn Fighter on Oct 26, 2023.
             Slain by Natasha (9 damage)
             ... on level 3 of the Dungeon.
             The game lasted 00:02:48 (1397 turns).

lonewolfV2 the Covered (Demonspawn Fighter)         Turns: 1397, Time: 00:02:49

Health: 0/29       AC:  0    Str: 18    XL:     3   Next: 16%
Magic:  3/3        EV: 19    Int:  9    God:
Gold:   91         SH:  0    Dex: 17    Spells: 2/2 levels left

rFire   . . .        a - melded +0 war axe
rCold   . . .        c - melded +0 buckler
rNeg    . . .        f - melded +0 plate armour
rPois   .            (helmet currently unavailable)
rElec   .            (cloak currently unavailable)
rCorr   .            (gloves currently unavailable)
SInv    .            (boots currently unavailable)
Will    .....        (no amulet)
Stlth   ++           i - melded ring of poison resistance
HPRegen 0.24/turn    (ring currently unavailable)
MPRegen 0.08/turn

%: no passive effects
@: bat-form, flying, very quick
A: fast, flying, no casting, tiny, (antennae 1)
a: no special abilities


You were on level 3 of the Dungeon.
You were a bat.
You visited 1 branch of the dungeon, and saw 3 of its levels.

You collected 91 gold pieces.

Inventory:

Hand Weapons
 a - a +0 war axe (melded)
Armour
 b - a +0 scale mail
 c - a +0 buckler (melded)
 f - a +0 plate armour (melded)
Jewellery
 i - a ring of poison resistance (melded)
Scrolls
 e - 2 scrolls of identify
Potions
 d - a potion of might
 g - 2 potions of invisibility


   Skills:
 - Level 3.0 Fighting
 - Level 1.7 Axes
 + Level 3.1 Armour
 * Level 2.1 Dodging
 - Level 2.6 Shields


You had 2 spell levels left.
You didn't know any spells.
Your spell library was empty.

Dungeon Overview and Level Annotations

Branches:
Dungeon (3/15)

Altars:

Annotations:
D:3 Natasha


Innate Abilities, Weirdness & Mutations

You are a bat.
You are tiny and dextrous.
You move quickly.
You are flying.
Your equipment is almost entirely melded.
You are incapable of wielding weapons or throwing items.
You cannot cast spells.
((You have a pair of small antennae on your head.))


Message History

You block the bat's attack. The bat hits you.
Natasha zaps a wand.
You turn into a bat.
Your +0 war axe melds into your body.
Your +0 buckler melds into your body.
Your +0 plate armour melds into your body.
Your ring of poison resistance melds into your body.
The bat misses you. Natasha closely misses you.
You hit Natasha but do no damage. The bat closely misses you.
The bat barely misses you. Natasha closely misses you.
You hit Natasha.
Natasha is lightly wounded.
The bat hits you. The hobgoblin hits you. The endoplasm hits you.
The bat closely misses you. Natasha completely misses you.
You hit Natasha.
Natasha is moderately wounded.
The bat completely misses you. The bat closely misses you.
The hobgoblin closely misses you. The endoplasm closely misses you.
Natasha completely misses you.
You hit Natasha but do no damage.
Natasha is moderately wounded.
The bat hits you. The hobgoblin misses you. The endoplasm misses you.
The bat misses you. Natasha closely misses you.
You hit Natasha but do no damage.
Natasha is lightly wounded.
The bat hits you. The bat completely misses you. The bat misses you.
The hobgoblin completely misses you. The endoplasm completely misses you.
The bat completely misses you. Natasha completely misses you.
You hit Natasha but do no damage.
Natasha is lightly wounded.
The bat closely misses you. The bat barely misses you.
The hobgoblin misses you. The endoplasm closely misses you.
Natasha closely misses you.
You barely miss Natasha.
Natasha is lightly wounded.
The hobgoblin misses you. The endoplasm misses you. Natasha barely misses you.
You hit Natasha but do no damage.
Natasha is lightly wounded.
The bat misses you. x2; The bat hits you.
The hobgoblin hits you. The endoplasm freezes you.
You are frozen.
Natasha claws you!
You die...

#..[..... .....
#......># ....#
#.......# .....#
#.......# .....#
#.......###....$#
#......b.........
#.......J........
#.......bbh......
#.......g........
#=......#########
#.......#
#.......#
#########


You could see Natasha, an endoplasm, a hobgoblin and 2 bats.

Vanquished Creatures
  3 endoplasms
  2 giant cockroaches (D:1)
  6 goblins
  4 hobgoblins
  A kobold (D:1)
  2 quokkas
  2 ball pythons
  8 bats
  2 rats
30 creatures vanquished.

Notes
Turn   | Place    | Note
-------+----------+-------------------------------------------
     0 | D:1      | lonewolfV2 the Demonspawn Fighter began the quest for the
                  | Orb.
     0 | D:1      | Reached XP level 1. HP: 18/18 MP: 1/1
    73 | D:1      | Reached skill level 1 in Dodging
   127 | D:1      | You fall into a shaft and drop 1 floor!
   144 | D:2      | Gained mutation: You have a pair of small antennae on your
                  | head. [demonic ancestry]
   144 | D:2      | Reached XP level 2. HP: 20/24 MP: 2/2
   909 | D:2      | Reached XP level 3. HP: 22/29 MP: 3/3
   988 | D:2      | Found a faded altar of an unknown god.
  1383 | D:3      | Noticed Natasha
  1397 | D:3      | Slain by Natasha

Illustrated notes

Levels and vault maps discovered:
D:1:      minmay_arrival_solitary_statue, layout_loops_ring,
          chequers_serial_rivers_room_b
D:2:      layout_basic, basic_altar, ebering_ecumenical_altar_abandoned
D:3:      layout_basic, gup_sewer_entry_bowl, corner_web_ring,
          solitary_fountain, minivault_11, uniq_natasha, uniq_jessica

Skill      XL: |  1  2 |
---------------+-------+-----
Dodging        | 1 2 |  2.1
Armour         | 3 |  3.1
Fighting       | |  3.0
Axes           | |  1.7
Shields        | |  2.6

Action                     || total
---------------------------++-------
  Melee: War axe           ||    84
         Unarmed           ||     8
    Use: Scroll            ||     4
 Armour: Scale mail        ||    47
         Plate armour      ||    29
  Dodge: Dodged            ||    90
  Block: Buckler           ||    30
